Map: Void Zone

Players

Amix

  • Race: Zerg Zerg
  • Spawn Location: 1:00

RobTheWise

  • Race: Terran Terran
  • Spawn Location: 1:00

chusux

  • Race: Protoss Protoss
  • Spawn Location: 1:00

nachro

  • Race: Terran Terran
  • Spawn Location: 11:00

A.I. 4 (Medium)

  • Race: Zerg Zerg
  • Spawn Location: 7:00

A.I. 5 (Medium)

  • Race: Protoss Protoss
  • Spawn Location: 5:00

A.I. 6 (Medium)

  • Race: Zerg Zerg
  • Spawn Location: 5:00

A.I. 7 (Medium)

  • Race: Zerg Zerg
  • Spawn Location: 5:00

VOD

Have the link to the VOD?

Description

Time

  • Played on: Nov. 24, 2016, 12:54 p.m.
  • Length: 2:55
Show
View Real Time Build Order
Export as new Build Order

Amix Zerg 

Build Orders: Hatch First 

Get SALT Encoding   

  12  0:01  Drone  
  13  0:11  Drone  
  14  0:17  Overlord  
  14  0:36  Drone x3  
  17  0:56  Hatchery  
  16  1:00  Drone  
  16  1:04  Drone, Extractor  
  17  1:21  Drone, Spawning Pool  
  18  1:25  Drone  
  18  1:30  Drone  
  19  1:42  Drone  
  20  1:52  Drone  
  21  2:04  Drone  
  22  2:10  Queen x2  
  22  2:15  Drone x2  
  28  2:24  Overlord  
  28  2:42  Drone x2  
  28  2:43  Drone x2  
  34  2:55  Roach Warren  
Show
View Real Time Build Order
Export as new Build Order

RobTheWise Terran 

Build Orders:  

Get SALT Encoding   

  12  0:15  SCV  
  13  0:27  SCV  
  13  0:28  Supply Depot  
  14  0:34  Supply Depot  
  14  0:39  SCV  
  15  0:59  Barracks  
  15  1:09  Barracks  
  15  1:13  SCV  
  17  1:25  SCV  
  17  1:27  Supply Depot  
  17  1:33  Supply Depot  
  17  1:37  SCV  
  18  2:13  Orbital Command  
Show
View Real Time Build Order
Export as new Build Order

chusux Protoss 

Build Orders:  

Get SALT Encoding   

  12  0:07  Probe (Chrono Boost)  
  13  0:18  Probe (Chrono Boost)  
  14  0:22  Pylon  
  15  0:28  Probe (Chrono Boost)  
  15  0:41  Probe (Chrono Boost)  
  16  0:51  Probe (Chrono Boost)  
  17  1:02  Probe (Chrono Boost)  
  18  1:12  Probe (Chrono Boost)  
  18  1:14  Pylon  
  19  1:19  Assimilator  
  19  1:21  Assimilator  
  19  1:23  Probe (Chrono Boost)  
  20  1:54  Pylon  
  20  2:01  Pylon  
  20  2:05  Gateway  
  20  2:11  Nexus  
  20  2:14  Probe (Chrono Boost)  
  21  2:24  Probe (Chrono Boost)  
  21  2:26  Forge  
  22  2:35  Probe (Chrono Boost)  
  23  2:43  Assimilator  
Show
View Real Time Build Order
Export as new Build Order

nachro Terran 

Build Orders:  

Get SALT Encoding   

  12  0:11  Refinery  
  12  0:26  Supply Depot  
  12  1:12  Barracks  
  12  1:14  Barracks  
  12  1:16  Barracks  
  12  1:35  Supply Depot  
  12  1:43  Supply Depot  
  12  1:48  SCV  
  13  2:00  SCV  
  14  2:19  Marine x3  
  17  2:37  SCV  
Show
View Real Time Build Order
Export as new Build Order

A.I. 4 (Medium) Zerg 

Build Orders: Pool Only 

Get SALT Encoding   

  12  0:01  Drone  
  13  0:12  Overlord  
  13  0:17  Drone  
  14  0:30  Drone  
  14  0:33  Drone  
  16  0:43  Spawning Pool  
  16  0:45  Drone  
  16  0:49  Drone  
  17  0:52  Extractor  
  17  0:55  Drone  
  17  1:06  Overlord  
  17  1:30  Queen  
  17  1:31  Zergling x2  
  20  1:37  Roach Warren  
  20  1:38  Drone  
  20  1:39  Extractor  
  19  1:47  Zergling x2  
  19  1:49  Drone  
  21  2:00  Drone  
  22  2:10  Overlord  
  22  2:21  Roach  
  24  2:32  Drone  
  25  2:42  Drone  
  29  2:55  Ravager  
Show
View Real Time Build Order
Export as new Build Order

A.I. 5 (Medium) Protoss 

Build Orders:  

Get SALT Encoding   

  12  0:01  Probe (Chrono Boost)  
  13  0:12  Probe (Chrono Boost)  
  14  0:20  Pylon  
  14  0:22  Probe (Chrono Boost)  
  15  0:39  Probe (Chrono Boost)  
  16  0:47  Assimilator  
  16  0:49  Probe (Chrono Boost)  
  17  0:51  Gateway  
  17  1:00  Probe (Chrono Boost), Pylon  
  18  1:28  Gateway  
  18  1:33  Assimilator  
  18  1:42  Zealot, Cybernetics Core  
  20  2:03  Pylon  
  20  2:07  Zealot  
  22  2:20  Adept  
Show
View Real Time Build Order
Export as new Build Order

A.I. 6 (Medium) Zerg 

Build Orders: Pool Only 

Get SALT Encoding   

  12  0:01  Drone  
  13  0:12  Overlord  
  13  0:17  Drone  
  14  0:30  Drone  
  14  0:33  Drone  
  16  0:44  Spawning Pool  
  16  0:45  Drone  
  16  0:49  Drone  
  17  0:52  Extractor  
  17  0:55  Drone  
  17  1:06  Overlord  
  17  1:30  Queen  
  17  1:31  Zergling x2  
  20  1:36  Roach Warren  
  20  1:38  Drone, Extractor  
  19  1:40  Zergling x2  
  20  1:49  Drone  
  21  2:00  Drone  
  22  2:10  Overlord  
  22  2:21  Roach  
  24  2:32  Roach  
Show
View Real Time Build Order
Export as new Build Order

A.I. 7 (Medium) Zerg 

Build Orders: Pool Only 

Get SALT Encoding   

  12  0:01  Drone  
  13  0:12  Overlord  
  13  0:17  Drone  
  14  0:30  Drone  
  14  0:33  Drone  
  16  0:43  Spawning Pool  
  16  0:45  Drone  
  16  0:49  Drone  
  17  0:52  Extractor  
  17  0:55  Drone  
  17  1:06  Overlord  
  17  1:30  Queen  
  17  1:31  Zergling x2  
  20  1:35  Zergling x2  
  20  1:38  Drone  
  20  1:39  Roach Warren  
  21  1:41  Extractor  
  20  1:49  Drone  
  20  1:52  Baneling Nest  
  20  2:00  Drone  
  21  2:10  Drone  
  22  2:22  Zergling x2  
  23  2:32  Zergling x2  
  23  2:36  Baneling x2  
  25  2:37  Overlord, Zergling x2  
Tags
 
Add a new tag
Caveats
  • Supply blocks, unpowered buildings, or Contaminate may cause inaccurate times.
  • Supply counts are checked every 10 seconds.